 Dungeon Crawl Stone Soup version 0.21.1-1-g345015f (webtiles) character file.

93 diana the Insei (level 4, -1/37 HPs)
             Began as a Draconian Transmuter on May 27, 2018.
             Slain by Iko's ghost (4 damage)
             ... on level 3 of the Dungeon.
             The game lasted 00:05:57 (1591 turns).

diana the Insei (Draconian Transmuter)              Turns: 1591, Time: 00:05:59

Health: -1/37      AC:  5    Str: 12    XL:     4   Next: 36%
Magic:  7/7        EV: 11    Int: 13    God:
Gold:   67         SH:  0    Dex: 11    Spells: 6/7 levels left

rFire    . . .     SeeInvis .     - Unarmed
rCold    . . .     Gourm    .   (no shield)
rNeg     . . .     Faith    .   (armour unavailable)
rPois    .         Spirit   .   (helmet restricted)
rElec    .         Reflect  .   (no cloak)
rCorr    .         Harm     .   (no gloves)
MR       .....                  (no boots)
Stlth    +.........             (no amulet)
HPRegen  0.12/turn              k - -2 ring of dexterity (curse)
MPRegen  0.10/turn              (no ring)

@: heavily drained
A: unfitting armour, cold-blooded, AC +5
a: no special abilities


You were on level 3 of the Dungeon.
You were not hungry.

You visited 1 branch of the dungeon, and saw 3 of its levels.

You collected 67 gold pieces.

Inventory:

Missiles
 a - 36 arrows
Jewellery
 k - a cursed -2 ring of dexterity (left hand)
Wands
 j - a wand of iceblast (4)
Scrolls
 d - a scroll of teleportation {unknown}
 e - a scroll of remove curse {unknown}
 i - 2 scrolls of identify {unknown}
 m - a scroll of magic mapping {unknown}
Potions
 f - a potion of curing
 g - a potion of invisibility {unknown}
 h - 2 potions of experience {unknown}
 l - 2 potions of resistance {unknown}
Books
 b - a book of Changes

   Spells                             Type                      Level
   a - Beastly Appendage              Transmutation                1
   b - Sticks to Snakes               Transmutation                2
   c - Spider Form                    Transmutation/Poison         3
   d - Ice Form                       Ice/Transmutation            4
   e - Blade Hands                    Transmutation                5
Comestibles
 c - 4 rations


   Skills:
 + Level 2.3(0.0) Fighting
 - Level 1.7(0.0) Dodging
 * Level 4.3(1.8) Unarmed Combat
 - Level 2.0(0.0) Spellcasting
 + Level 2.8(0.4) Transmutations


You had 6 spell levels left.
You knew the following spells:

 Your Spells              Type           Power        Failure   Level  Hunger
a - Beastly Appendage     Tmut           #.....       26%         1    ##.....


Dungeon Overview and Level Annotations

Branches:
Dungeon (3/15)

Altars:
Dithmenos
Elyvilon
Makhleb
Nemelex Xobeh
Okawaru
Qazlal

Annotations:
D:3 Iko's ghost, weakling MfSk


Innate Abilities, Weirdness & Mutations

Your plain brown scales are hard. (AC +5)
You cannot fit into any form of body armour.
You are cold-blooded and may be slowed by cold attacks.


Message History

Iko's ghost is heavily damaged.
Iko's ghost barely misses you. The bat hits you but does no damage.
You hit Iko's ghost.
You tail-slap Iko's ghost, but do no damage.
Iko's ghost is severely damaged.
The bat completely misses you.
Iko's ghost says, "If you think I look tough now, just wait!"
Iko's ghost hits you but does no damage.
You feel drained.
You hit Iko's ghost but do no damage.
Iko's ghost is severely damaged.
Iko's ghost closely misses you. The bat hits you but does no damage.
You barely miss Iko's ghost. Your punch misses Iko's ghost.
Iko's ghost is severely damaged.
Your talons disappear.
The bat hits you but does no damage. The bat barely misses you.
Iko's ghost hits you!
* * * LOW HITPOINT WARNING * * *
You feel drained.
You die...

#..# #..# .## #..#
.? #..# ####.##
##..# #.....#
##.#.## #.....#
##...#.## #..(..#
#....##.#####b....#
##...#<......@W...#
##.#.######.##.###
# #..## #.# .# #
#.## #.# .#
######## #.# #.# ..
........ ###.## #.#
## #######. #....#
#.########## ##
#.#.## #...†......#
# #.###
##########.########


You could see Iko's ghost and a bat.

Vanquished Creatures
  4 adders
  A worm (D:2)
  2 dart slugs
  3 leopard geckos
  6 orcs (D:3)
  4 hobgoblins
  2 jackals (D:2)
  4 kobolds
  3 bats
  4 frilled lizards
  5 goblins
  A jackal skeleton (D:2)
  5 rats
44 creatures vanquished.

Notes
Turn   | Place    | Note
-------+----------+-------------------------------------------
     0 | D:1      | diana the Draconian Transmuter began the quest for the Orb.
     0 | D:1      | Reached XP level 1. HP: 16/16 MP: 3/3
   170 | D:1      | Reached XP level 2. HP: 23/23 MP: 5/5
   827 | D:2      | Reached XP level 3. HP: 29/29 MP: 6/6
  1082 | D:2      | Found a stormy altar of Qazlal.
  1162 | D:2      | Reached skill level 4 in Unarmed Combat
  1258 | D:2      | Found an iron altar of Okawaru.
  1259 | D:2      | Found a burning altar of Makhleb.
  1259 | D:2      | Found a shadowy altar of Dithmenos.
  1259 | D:2      | Found a white marble altar of Elyvilon.
  1432 | D:3      | Reached XP level 4. HP: 28/36 MP: 7/7
  1475 | D:3      | Found a sparkling altar of Nemelex Xobeh.
  1570 | D:3      | Noticed Iko's ghost (weakling MfSk)
  1591 | D:3      | Slain by Iko's ghost

Skill      XL: |  1  2  3 |
---------------+----------+-----
Fighting       | 2 |  2.3
Unarmed Combat | 4 |  4.3
Dodging        | |  1.7
Spellcasting   | |  2.0
Transmutations | |  2.8

Action                   |  1- 3 |  4- 6 || total
-------------------------+-------+-------++-------
Melee: Unarmed           |   137 |    43 ||   180
       Tailslap          |     9 |     3 ||    12
       Punch             |     3 |     1 ||     4
       Kick              |     3 |     1 ||     4
 Cast: Beastly Appendage |     2 |     2 ||     4
  Use: Potion            |     1 |     1 ||     2
 Stab: Sleeping          |     1 |       ||     1
  Eat: Chunk             |     2 |       ||     2
Armor: Skin              |    50 |    16 ||    66
Dodge: Dodged            |    89 |    41 ||   130
